 Dungeon Crawl Stone Soup version 0.32-a0-576-g706899e69d (webtiles) character file.

Game seed: 10006140523139595927

8273 jasper the Marksspriggan (level 11, -15/60 HPs)
             Began as a Spriggan Hunter on Mar 1, 2024.
             Was a Believer of Dithmenos.
             Killed from afar by Erica (29 damage)
             ... with a bolt of poison
             ... on level 9 of the Dungeon.
             The game lasted 00:22:20 (7969 turns).

jasper the Marksspriggan (Spriggan Hunter)          Turns: 7969, Time: 00:22:21

Health: -15/60     AC:  3    Str:  7    XL:     11   Next: 7%
Magic:  12/12      EV: 23    Int: 11    God:    Dithmenos [**....]
Gold:   170        SH:  0    Dex: 23    Spells: 10/10 levels left

rFire   . . .        a - +1 shortbow
rCold   . . .        (shield currently unavailable)
rNeg    . . .        B - +1 robe
rPois   .            (helmet restricted)
rElec   .            w - scarf {+Inv}
rCorr   .            (gloves unavailable)
SInv    +            (boots unavailable)
Will    +....        F - amulet of regeneration
Stlth   +++++        (no ring)
HPRegen 1.10/turn    (no ring)
MPRegen 0.13/turn

%: no passive effects
@: lethally poisoned (-15 -> -39), wreathed by umbra, very quick
A: very small, no large weapons, unfitting armour, see invisible, speed 3
a: Renounce Religion, Evoke Invisibility, Shadow Step


You were on level 9 of the Dungeon.
You worshipped Dithmenos.
Dithmenos was pleased with you.
You visited 2 branches of the dungeon, and saw 11 of its levels.
You also visited: Sewer.

You collected 605 gold pieces.
You spent 435 gold pieces at shops.

Inventory:

Hand Weapons
 a - a +1 shortbow (weapon)
Missiles
 i - 71 stones
 z - 8 curare-tipped darts
Armour
 c - a +1 robe
 v - a +0 buckler
 w - a scarf of invisibility (worn)
 B - a +1 robe (worn)
 C - an orb of mayhem
Jewellery
 F - an amulet of regeneration (around neck)
Wands
 e - a wand of light (5)
 n - a wand of polymorph (14)
 x - a wand of roots (17)
 y - a wand of paralysis (4)
Scrolls
 b - a scroll of butterflies
 g - 4 scrolls of enchant armour
 h - 2 scrolls of poison
 p - 5 scrolls of teleportation
 q - 3 scrolls of revelation
 r - 2 scrolls of vulnerability
 s - a scroll of enchant weapon
 t - a scroll of fear
 u - a scroll of identify
Potions
 d - 5 potions of attraction
 f - a potion of heal wounds
 j - 4 potions of curing
 k - a potion of resistance
 l - 4 potions of ambrosia
 m - a potion of degeneration
 o - 2 potions of lignification
 A - a potion of might
 D - a potion of magic
 E - a potion of brilliance


   Skills:
 + Level 8.7 Fighting
 - Level 15.2 Ranged Weapons
 + Level 6.6 Dodging
 + Level 7.3 Stealth


You had 10 spell levels left.
You didn't know any spells.
Your spell library contained the following spells:

 Spells                   Type           Power      Damage    Failure   Level
 Apportation              Tloc           0%         N/A       34%         1
 Necrotise                Necr           0%         1d4       34%         1
 Sting                    Conj/Alch      0%         1d3       34%         1
 Summon Small Mammal      Summ           0%         N/A       34%         1


Dungeon Overview and Level Annotations

Branches:
Dungeon (10/15)            Temple (1/1) D:7             Orc (0/2) D:9
  Sewer (visited)
   Lair: D:8-11

Altars:
Ashenzari
Cheibriados
Dithmenos
Elyvilon
Fedhas
Gozag
Hepliaklqana
Kikubaaqudgha
Makhleb
Okawaru
Qazlal
Ru
Sif Muna
Trog
Uskayaw
Vehumet
Yredelemnul
The Shining One

Shops:
D:7 [*=(   D:9 =

Annotations:
D:5 exclusion: 4 doors
D:9 Erica


Innate Abilities, Weirdness & Mutations

You are very small and have problems with some larger weapons.
You are too small for most types of armour.
You have supernaturally acute eyesight. (SInv)
You cover ground extremely quickly. (Speed+++)


Message History

You feel very sick.
You take 4 damage, and have 42/60 hp.
Fire: a) +1 shortbow
Press: ? - help, Q - select action, (/) - cycle Shift-Dir - straight line, f/p - Erica
Aim: Erica, wielding a +4 scimitar of flaming and wearing a ring of fire (heavily wounded, umbra, 66% to hit)
You shoot an arrow. The arrow hits Erica.
Erica is heavily wounded.
You feel very sick. Erica casts a spell at you. The bolt of poison misses you.
You take 4 damage, and have 38/60 hp.
Fire: a) +1 shortbow
Press: ? - help, Q - select action, (/) - cycle Shift-Dir - straight line, f/p - Erica
Aim: Erica, wielding a +4 scimitar of flaming and wearing a ring of fire (heavily wounded, umbra, 66% to hit)
You shoot an arrow. The arrow hits Erica!
Erica is severely wounded.
You feel very sick.
You take 2 damage, and have 36/60 hp.
Fire: a) +1 shortbow
Press: ? - help, Q - select action, (/) - cycle Shift-Dir - straight line, f/p - Erica
Aim: Erica, wielding a +4 scimitar of flaming and wearing a ring of fire (severely wounded, umbra, 66% to hit)
You shoot an arrow. The arrow hits Erica!
Erica is almost dead.
You feel very sick.
Erica hits you with a +4 scimitar of flaming!!
* * * LOW HITPOINT WARNING * * *
Erica burns you.
* * * LOW HITPOINT WARNING * * *
Erica closely misses you.
Fire: a) +1 shortbow
Press: ? - help, Q - select action, (/) - cycle Shift-Dir - straight line, f/p - Erica
Aim: Erica, wielding a +4 scimitar of flaming and wearing a ring of fire (almost dead, umbra, 66% to hit)
You shoot an arrow. The arrow hits Erica.
Erica is almost dead.
You feel sick.
Erica stares at you and mumbles some strange words.
The bolt of poison hits you!!
You are lethally poisoned!
You die...
Erica begins burbling mirthfully and uncontrollably.

#...#.#.##########
#.###.#..........#
... #.#.########.#
#.# #.#....# #.#
#.. #.#.##.# #.#
#.# #.##.# #.# #.
#....# #.#
##########.##
########.......x@.#
........###########
...#...## ..../.x
...#... .......
#######


You could see Erica.

Vanquished Creatures
  Erolcha (D:10)
  A boulder beetle (D:9)
  Jeremiah (D:8)
  An unseen horror (D:6)
  Psyche (D:8)
  A hornet (D:9)
  A shadow (D:10)
  Eustachio (D:6)
  2 steam dragons (D:7)
  A water moccasin (D:7)
  Pargi (Sewer)
  2 orc warriors
  An ice beast (D:6)
  A sky beast (D:6)
  2 black bears
  A phantom (D:5)
  3 kobold brigands
  3 bullfrogs
  A gnoll sergeant (D:9)
  4 scorpions
  5 wights (D:8)
  4 killer bees (D:9)
  5 howler monkeys
  4 hounds
  An orc priest (D:8)
  2 gnoll boudas
  2 jellies (D:4)
  Terence (D:3)
  An iguana (D:6)
  3 sleepcaps (D:6)
  2 orc wizards
  Natasha (D:3)
  7 adders
  15 gnolls
  3 river rats (D:4)
  6 ribbon worms
  2 dart slugs
  25 orcs
  3 ball pythons
  7 bats
  8 endoplasms
  4 giant cockroaches
  6 goblins
  6 hobgoblins
  23 jackals
  A quokka (D:4)
  5 frilled lizards
  4 frilled lizard zombies (D:3)
  19 kobolds
  11 rats
216 creatures vanquished.

Notes
Turn   | Place    | Note
-------+----------+-------------------------------------------
     0 | D:1      | jasper the Spriggan Hunter began the quest for the Orb.
     0 | D:1      | Reached XP level 1. HP: 10/10 MP: 2/2
   247 | D:1      | Reached XP level 2. HP: 14/14 MP: 3/3
   562 | D:2      | Reached skill level 5 in Ranged Weapons
   562 | D:2      | Reached XP level 3. HP: 18/18 MP: 4/4
  1159 | D:2      | Reached XP level 4. HP: 22/22 MP: 5/5
  1486 | D:3      | Reached skill level 6 in Ranged Weapons
  1718 | D:3      | Noticed Terence
  1726 | D:3      | Killed Terence
  1927 | D:3      | Found an ancient bone altar of Kikubaaqudgha.
  1973 | D:3      | Noticed Natasha
  1993 | D:3      | Killed Natasha
  1994 | D:3      | Reached XP level 5. HP: 25/25 MP: 6/6
  2421 | D:4      | Reached skill level 7 in Ranged Weapons
  2526 | D:4      | Reached XP level 6. HP: 30/30 MP: 7/7
  2722 | D:4      | Found a glowing drain.
  2730 | Sewer    | Entered a sewer
  2774 | Sewer    | Noticed Pargi
  2836 | Sewer    | Killed Pargi
  2837 | Sewer    | Reached skill level 8 in Ranged Weapons
  3326 | D:4      | Reached XP level 7. HP: 31/33 MP: 8/8
  3724 | D:5      | Entered Level 5 of the Dungeon
  3869 | D:5      | Reached skill level 9 in Ranged Weapons
  3967 | D:5      | You fall into a shaft and drop 2 floors!
  3976 | D:7      | Found a broken altar of Ashenzari.
  3991 | D:7      | Noticed a steam dragon
  4413 | D:6      | Noticed Eustachio
  4443 | D:6      | Reached skill level 13 in Ranged Weapons
  4443 | D:6      | Reached XP level 8. HP: 38/44 MP: 9/9
  4444 | D:6      | Reached skill level 15 in Ranged Weapons
  4444 | D:6      | Reached XP level 9. HP: 45/51 MP: 10/10
  4479 | D:6      | Killed Eustachio
  4647 | D:6      | Reached XP level 10. HP: 56/56 MP: 11/11
  4706 | D:6      | Found a burning altar of Makhleb.
  4749 | D:6      | Found a blossoming altar of Fedhas.
  4930 | D:6      | Found a hazy altar of Hepliaklqana.
  5045 | D:7      | Found a staircase to the Ecumenical Temple.
  5051 | Temple   | Entered the Ecumenical Temple
  5061 | Temple   | Became a worshipper of Dithmenos the Shadowed
  5119 | D:7      | Found a hide-covered altar of Uskayaw.
  5374 | D:7      | Found Ycypoes's Antique Armour Emporium.
  5376 | D:7      | Found Qasmot's General Store.
  5384 | D:7      | Found Veifeoli's Antique Weapon Emporium.
  5387 | D:7      | Found Baxis's Jewellery Emporium.
  5391 | D:7      | Bought a scroll of teleportation for 45 gold pieces
  5845 | D:8      | Noticed Psyche
  5902 | D:8      | Killed Psyche
  6178 | D:8      | Reached skill level 5 in Stealth
  6331 | D:8      | Reached * piety under Dithmenos
  6440 | D:8      | Noticed Jeremiah
  6473 | D:8      | HP: 2/51 [Jeremiah/+4 trident of draining (5)]
  6486 | D:8      | Killed Jeremiah
  6487 | D:8      | Reached skill level 5 in Dodging
  6748 | D:8      | Found an opulent altar of Gozag.
  6835 | D:9      | Noticed a boulder beetle
  6844 | D:9      | Found a snail-covered altar of Cheibriados.
  6848 | D:10     | Entered Level 10 of the Dungeon
  6873 | D:10     | Found Heesk's General Store.
  6895 | D:10     | Noticed Erolcha
  6936 | D:10     | Killed Erolcha
  7065 | D:10     | Noticed a deep elf pyromancer
  7197 | D:9      | Found a staircase to the Orcish Mines.
  7318 | D:9      | Found a shimmering blue altar of Sif Muna.
  7344 | D:9      | Reached ** piety under Dithmenos
  7525 | D:9      | Found a glowing golden altar of the Shining One.
  7597 | D:9      | Reached XP level 11. HP: 60/60 MP: 12/12
  7630 | D:9      | HP: 2/60 [boulder beetle (48)]
  7654 | D:9      | Killed a boulder beetle
  7854 | D:9      | Found Opyhas's Jewellery Emporium.
  7859 | D:9      | Bought an amulet of regeneration for 390 gold pieces
  7944 | D:9      | Noticed Erica
  7969 | D:9      | Killed from afar by Erica

Illustrated notes

Levels and vault maps discovered:
D:1:      orjb1_lava_funnel, layout_rooms
D:2:      minmay_razor_zed, layout_basic, kennysheep_generic_room_6
D:3:      layout_loops_cross, lemuel_zombie_altar_kikubaaqudgha, uniq_natasha,
          uniq_terence
D:4:      layout_loops_ring, lightli_sewer_entry_pipes
D:5:      lemuel_castle_with_subvaults [lemuel_castle_interior_carwin_2],
          layout_cave_pools, marbit_many_paths
D:6:      layout_rooms, mainiacjoe_overflow_alcove_4,
          mainiacjoe_overflow_cross_hatched, fedhas_altar_4,
          kennysheep_cross_room, minmay_microvault, uniq_eustachio
D:7:      layout_rooms, kennysheep_little_box, old_standard_altar,
          minmay_temple_entry_hall, minmay_shop_grid_forest, dk_noncrumbling_4,
          st_stairs_12
D:8:      nicolae_cairo_tiling_large, layout_rooms, lemuel_doored_altar,
          uniq_psyche, uniq_jeremiah
D:9:      layout_basic, lemuel_crystal_altar, nicolae_overflow_hidden_temple,
          nicolae_overflow_crystal_walls, lemuel_coloured_pillars_altar,
          orc_david_3, serial_shops, shop, uniq_erica
D:10:     minmay_thick_lines, layout_cave_pools,
          pdpol_wu_jian_five_deadly_venoms, overflow_temple_1_default,
          grunt_lair_entry_orc_guard_hut, serial_shops,
          nicolae_shop_hallway_stairs, kennysheep_kite_vault, uniq_erolcha
Temple:   nicolae_temple_godpark

Skill      XL: |  1  2  3  4  5  6  7  8  9 10 11 |
---------------+----------------------------------+-----
Ranged Weapons | 5 6 7 8 13 15 | 15.2
Fighting       | 6 7 8 |  8.7
Stealth        | 2 6 7 |  7.3
Dodging        | 3 6 |  6.6

Action                     |  1- 3 |  4- 6 |  7- 9 | 10-12 || total
---------------------------+-------+-------+-------+-------++-------
  Melee: Unarmed           |       |       |       |    19 ||    19
   Fire: Shortbow          |   153 |   206 |   216 |   421 ||   996
  Evoke: Wand              |       |     3 |       |    18 ||    21
    Use: Scroll            |     2 |    12 |     6 |     5 ||    25
         Potion            |       |     1 |     3 |     2 ||     6
   Stab: Invisible         |       |       |       |     2 ||     2
         Confused          |       |       |       |     1 ||     1
 Armour: Robe              |    16 |    30 |    10 |    31 ||    87
         Skin              |       |       |       |     5 ||     5
  Dodge: Dodged            |    49 |    96 |    35 |   100 ||   280

Table legend: (Time is in decaauts)
 A = Elapsed time spent in this place.
 B = Non-inter-level travel time spent in this place.
 C = Inter-level travel time spent in this place.
 D = Time resting spent in this place.
 E = Time spent auto-exploring this place.
 F = Levels seen in this place.
 G = Mean time per level.
                   A        B        C        D        E       F      G
               +--------+--------+--------+--------+--------+-----+--------+
         Total |   5807 |   5562 |    245 |    613 |   3169 |  12 |  483.9 |
       Dungeon |   5509 |   5269 |    240 |    513 |   3107 |  10 |  550.9 |
        Temple |     13 |      8 |      5 |      0 |      0 |   1 |   13.0 |
         Sewer |    284 |    284 |      0 |    100 |     62 |   1 |  284.0 |
               +--------+--------+--------+--------+--------+-----+--------+

Top non-repeatable levels by time:
     D:7: 770 daAuts
     D:4: 742 daAuts
     D:9: 694 daAuts
     D:8: 688 daAuts
     D:3: 659 daAuts
     D:2: 563 daAuts
     D:1: 456 daAuts
     D:5: 374 daAuts
     D:6: 372 daAuts
   Sewer: 284 daAuts
    D:10: 188 daAuts
  Temple: 13 daAuts
